TOP OF THE 1ST |
Colorado Rockies batting - Pitching for San Francisco Giants : RHP Ricky Rodriguez
|
Pitching: RHP Ricky Rodriguez
|
|
Batting: SHB Eddie Quinones
|
0-0: Foul Ball, location: 2F 0-1: Ball 1-1: Foul Ball, location: 2F 1-2: Strikes out swinging
|
Batting: SHB Jon Munoz
|
0-0: Ground out 5-3 (Groundball, 56S, EV 82.5 MPH)
|
Batting: RHB Joel Haycock
|
0-0: Ball 1-0: Ball 2-0: Foul Ball, location: 2F 2-1: Ball 3-1: Fly out, F8 (Flyball, 89S, EV 90.0 MPH)
|
Top of the 1st over - 0 runs, 0 hits, 0 errors, 0 left on base; Colorado 0 - San Francisco 0 |
BOTTOM OF THE 1ST |
San Francisco Giants batting - Pitching for Colorado Rockies : LHP Steve Ransom
|
Pitching: LHP Steve Ransom
|
|
Batting: RHB Nick Rigden
|
0-0: Ball 1-0: Ball 2-0: Ball 3-0: Base on Balls
|
Batting: SHB Ryan Doss
|
0-0: Ball Nick Rigden steals 2nd base (no throw) 1-0: Ground out 5-3 (Groundball, 56, EV 86.9 MPH)
|
Batting: RHB Sean Zielinski
|
0-0: Foul Ball, location: 2F 0-1: Ball 1-1: Ground out 4-3 (Groundball, 4, EV 100.0 MPH) Nick Rigden to third
|
Batting: LHB Jack Henningar
|
0-0: Ball 1-0: Called Strike 1-1: Ball 2-1: Ball 3-1: Called Strike 3-2: Ground out U3 (Groundball, 3, EV 81.2 MPH)
|
Bottom of the 1st over - 0 runs, 0 hits, 0 errors, 1 left on base; Colorado 0 - San Francisco 0 |
TOP OF THE 2ND |
Colorado Rockies batting - Pitching for San Francisco Giants : RHP Ricky Rodriguez
|
Batting: RHB Jason Andrews
|
0-0: Called Strike 0-1: Ground out 6-3 (Groundball, 6, EV 93.1 MPH)
|
Batting: RHB Sterling Acosta
|
0-0: Ground out U3 (Groundball, 3S, EV 68.1 MPH)
|
Batting: LHB Robert Watson
|
0-0: Ball 1-0: Called Strike 1-1: Called Strike 1-2: Ground out 4-3 (Groundball, 4, EV 77.5 MPH)
|
Top of the 2nd over - 0 runs, 0 hits, 0 errors, 0 left on base; Colorado 0 - San Francisco 0 |
BOTTOM OF THE 2ND |
San Francisco Giants batting - Pitching for Colorado Rockies : LHP Steve Ransom
|
Batting: RHB Nate Hodson
|
0-0: Ground out 6-3 (Groundball, 6, EV 78.8 MPH)
|
Batting: LHB Carey Horncole
|
0-0: SINGLE (Groundball, 4MD, EV 103.1 MPH)
|
Batting: SHB Bill Dooms
|
0-0: Hit by Pitch Carey Horncole to second
|
Batting: RHB Martin Guerrero
|
0-0: Ball 1-0: Ball 2-0: Ball 3-0: Called Strike 3-1: Base on Balls Carey Horncole to third Bill Dooms to second
|
Batting: LHB Tom Best
|
0-0: Ball 1-0: Swinging Strike 1-1: Called Strike 1-2: Ball 2-2: Fly out, F8 (Flyball, 8LXD, EV 108.1 MPH) Runner from 3rd tags up, SCORES, no throw by CF Bill Dooms to third
|
Batting: RHB Nick Rigden
|
0-0: Ball 1-0: Fly out, F5 (Popup, 5S, EV 72.5 MPH)
|
Bottom of the 2nd over - 1 run, 1 hit, 0 errors, 2 left on base; Colorado 0 - San Francisco 1 |
TOP OF THE 3RD |
Colorado Rockies batting - Pitching for San Francisco Giants : RHP Ricky Rodriguez
|
Batting: LHB Greg Valenzuela
|
0-0: Fly out, F7 (Line Drive, 7S, EV 102.5 MPH)
|
Batting: RHB Leo Mair
|
0-0: Ground out 4-3 (Groundball, 34, EV 91.2 MPH)
|
Batting: RHB Eduardo Camacho
|
0-0: Called Strike 0-1: Ball 1-1: SOLO HOME RUN (Flyball, 7D, EV 99.4 MPH), Distance : 389 ft
|
Batting: SHB Eddie Quinones
|
0-0: Foul Ball, location: 2F 0-1: Swinging Strike 0-2: Ground out 4-3 (Groundball, 34D, EV 103.8 MPH)
|
Top of the 3rd over - 1 run, 1 hit, 0 errors, 0 left on base; Colorado 1 - San Francisco 1 |
BOTTOM OF THE 3RD |
San Francisco Giants batting - Pitching for Colorado Rockies : LHP Steve Ransom
|
Batting: SHB Ryan Doss
|
0-0: Ball 1-0: Ball 2-0: Ball 3-0: Base on Balls
|
Batting: RHB Sean Zielinski
|
0-0: Foul Ball, location: 2F 0-1: Foul Ball, location: 2F 0-2: Ball 1-2: Ball 2-2: Grounds out, U3 (Groundball, 3L, EV 98.1 MPH)
|
Batting: LHB Jack Henningar
|
0-0: Ball Ryan Doss steals 3rd base 1-0: Swinging Strike 1-1: Foul Ball, location: 2F 1-2: Fly out, F3 (Popup, 3SF, EV 85.6 MPH)
|
Batting: RHB Nate Hodson
|
0-0: Ball 1-0: Foul Ball, location: 2F 1-1: Swinging Strike 1-2: Foul Ball, location: 2F 1-2: Ball 2-2: Ball 3-2: Strikes out swinging
|
Bottom of the 3rd over - 0 runs, 0 hits, 0 errors, 1 left on base; Colorado 1 - San Francisco 1 |
TOP OF THE 4TH |
Colorado Rockies batting - Pitching for San Francisco Giants : RHP Ricky Rodriguez
|
Batting: SHB Jon Munoz
|
0-0: Called Strike 0-1: Foul Ball, location: 2F 0-2: DOUBLE (Line Drive, 89M, EV 96.9 MPH)
|
Batting: RHB Joel Haycock
|
0-0: Foul Ball, location: 2F 0-1: Foul Ball, location: 2F 0-2: Strikes out swinging
|
Batting: RHB Jason Andrews
|
0-0: SINGLE (Line Drive, 89S, EV 91.9 MPH) Jon Munoz to third Runner from 3rd tries for Home, SAFE, throw by RF to home
|
Batting: RHB Sterling Acosta
|
0-0: Ball 1-0: Foul Ball, location: 2F 1-1: Ball 2-1: Ball 3-1: Base on Balls Jason Andrews to second
|
Batting: LHB Robert Watson
|
0-0: Foul Ball, location: 2F 0-1: Ball 1-1: Fly out, F8 (Flyball, 8RM, EV 90.0 MPH)
|
Batting: LHB Greg Valenzuela
|
0-0: Ball 1-0: Ball 2-0: Fly out, F4 (Flyball, 34D, EV 91.2 MPH)
|
Top of the 4th over - 1 run, 2 hits, 0 errors, 2 left on base; Colorado 2 - San Francisco 1 |
BOTTOM OF THE 4TH |
San Francisco Giants batting - Pitching for Colorado Rockies : LHP Steve Ransom
|
Batting: LHB Carey Horncole
|
0-0: Ball 1-0: Ball 2-0: Called Strike 2-1: Swinging Strike 2-2: Ball 3-2: SINGLE (Line Drive, 7S, EV 102.5 MPH)
|
Batting: SHB Bill Dooms
|
0-0: Ball 1-0: Swinging Strike 1-1: Ball Carey Horncole is caught stealing 2nd base 2-4 2-1: SINGLE (Groundball, 4MD, EV 108.1 MPH) (infield hit)
|
Batting: RHB Martin Guerrero
|
0-0: Grounds into double play, 6-4-3 (Groundball, 6, EV 75.6 MPH)
|
Bottom of the 4th over - 0 runs, 2 hits, 0 errors, 0 left on base; Colorado 2 - San Francisco 1 |
TOP OF THE 5TH |
Colorado Rockies batting - Pitching for San Francisco Giants : RHP Ricky Rodriguez
|
Batting: RHB Leo Mair
|
0-0: Ball 1-0: Ball 2-0: Ground out 3-1 (Groundball, 34S, EV 83.1 MPH)
|
Batting: RHB Eduardo Camacho
|
0-0: Called Strike 0-1: Foul Ball, location: 2F 0-2: Ball 1-2: Foul Ball, location: 2F 1-2: Foul Ball, location: 2F 1-2: Foul Ball, location: 2F 1-2: SOLO HOME RUN (Flyball, 7D, EV 95.6 MPH), Distance : 390 ft
|
Batting: SHB Eddie Quinones
|
0-0: Called Strike 0-1: Ball 1-1: Ball 2-1: Called Strike 2-2: Ball 3-2: Base on Balls
|
Batting: SHB Jon Munoz
|
0-0: Ball 1-0: SINGLE (Line Drive, 8RS, EV 95.6 MPH) Eddie Quinones to second
|
Batting: RHB Joel Haycock
|
0-0: Ball 1-0: Grounds into double play, 6-4-3 (Groundball, 6, EV 88.8 MPH)
|
Top of the 5th over - 1 run, 2 hits, 0 errors, 1 left on base; Colorado 3 - San Francisco 1 |
BOTTOM OF THE 5TH |
San Francisco Giants batting - Pitching for Colorado Rockies : LHP Steve Ransom
|
Batting: LHB Tom Best
|
0-0: Ball 1-0: Ball 2-0: Called Strike 2-1: Foul Ball, location: 2F 2-2: Ball 3-2: SINGLE (Line Drive, 8LS, EV 92.5 MPH)
|
Batting: RHB Nick Rigden
|
0-0: Called Strike Tom Best is caught stealing 2nd base 2-4 0-1: Ball 1-1: Ground out 6-3 (Groundball, 6, EV 84.4 MPH)
|
Batting: SHB Ryan Doss
|
0-0: Swinging Strike 0-1: Ball 1-1: Ball 2-1: SINGLE (Groundball, 6S, EV 69.4 MPH) (infield hit)
|
Batting: RHB Sean Zielinski
|
0-0: Swinging Strike 0-1: Ball 1-1: Ball 2-1: Ball 3-1: Base on Balls Ryan Doss to second
|
Batting: LHB Jack Henningar
|
0-0: Ball 1-0: Called Strike 1-1: Ball 2-1: Ball 3-1: Called Strike 3-2: Foul Ball, location: 2F 3-2: Foul Ball, location: 2F 3-2: Foul Ball, location: 2F 3-2: Foul Ball, location: 2F 3-2: Foul Ball, location: 2F 3-2: Fly out, F4 (Popup, 4S, EV 77.5 MPH)
|
Bottom of the 5th over - 0 runs, 2 hits, 0 errors, 2 left on base; Colorado 3 - San Francisco 1 |
TOP OF THE 6TH |
Colorado Rockies batting - Pitching for San Francisco Giants : RHP Ricky Rodriguez
|
Batting: RHB Jason Andrews
|
0-0: Called Strike 0-1: Ball 1-1: Foul Ball, location: 2F 1-2: Strikes out swinging
|
Batting: RHB Sterling Acosta
|
0-0: Ball 1-0: Foul Ball, location: 2F 1-1: Foul Ball, location: 2F 1-2: Foul Ball, location: 2F 1-2: Ball 2-2: Ground out 6-3 (Groundball, 6, EV 93.8 MPH)
|
Batting: LHB Robert Watson
|
0-0: Called Strike 0-1: Ball 1-1: Foul Ball, location: 2F 1-2: Ground out 4-3 (Groundball, 4S, EV 63.8 MPH)
|
Top of the 6th over - 0 runs, 0 hits, 0 errors, 0 left on base; Colorado 3 - San Francisco 1 |
BOTTOM OF THE 6TH |
San Francisco Giants batting - Pitching for Colorado Rockies : LHP Steve Ransom
|
Batting: RHB Nate Hodson
|
0-0: Ball 1-0: Swinging Strike 1-1: Called Strike 1-2: Ball 2-2: Ball 3-2: Foul Ball, location: 2F 3-2: Base on Balls
|
Batting: LHB Carey Horncole
|
0-0: Swinging Strike 0-1: Foul Ball, location: 2F 0-2: Ball 1-2: Ball 2-2: SINGLE (Groundball, 3D, EV 108.1 MPH) Nate Hodson to second Runner from 2nd tries for 3rd, SAFE, throw by RF made to third
|
Pitching: RHP Mike Chapman
|
|
Batting: SHB Bill Dooms
|
0-0: Foul Ball, location: 2F 0-1: Ball 1-1: Called Strike 1-2: Ball 2-2: Strikes out swinging
|
Batting: RHB Martin Guerrero
|
0-0: Foul Ball, location: 2F 0-1: Called Strike 0-2: Strikes out looking
|
Batting: LHB Tom Best
|
0-0: SINGLE (Line Drive, 56D, EV 98.1 MPH) Nate Hodson scores Carey Horncole to second
|
Batting: RHB Nick Rigden
|
0-0: Ball 1-0: Ball 2-0: Foul Ball, location: 2F 2-1: Called Strike 2-2: Foul Ball, location: 2F 2-2: Foul Ball, location: 2F 2-2: Ball 3-2: TRIPLE (Flyball, 78XD, EV 90.0 MPH) Carey Horncole scores Tom Best scores
|
Batting: SHB Ryan Doss
|
0-0: Fly out, F8 (Flyball, 8RXD, EV 86.9 MPH)
|
Bottom of the 6th over - 3 runs, 3 hits, 0 errors, 1 left on base; Colorado 3 - San Francisco 4 |
TOP OF THE 7TH |
Colorado Rockies batting - Pitching for San Francisco Giants : RHP Ricky Rodriguez
|
Batting: LHB Greg Valenzuela
|
0-0: Swinging Strike 0-1: Ball 1-1: Called Strike 1-2: Ball 2-2: Ball 3-2: Strikes out swinging
|
Batting: RHB Leo Mair
|
0-0: Ball 1-0: Ball 2-0: Called Strike 2-1: Ball 3-1: Base on Balls
|
Batting: RHB Eduardo Camacho
|
0-0: Swinging Strike 0-1: Ball 1-1: Swinging Strike 1-2: Foul Ball, location: 2F 1-2: SINGLE (Flyball, 4MD, EV 84.4 MPH) Leo Mair to second
|
Batting: SHB Eddie Quinones
|
0-0: Swinging Strike 0-1: Ball 1-1: Ball 2-1: Foul Ball, location: 2F 2-2: Fly out, F9 (Flyball, 89S, EV 85.0 MPH)
|
Pitching: RHP Tim Welshman
|
|
Batting: SHB Jon Munoz
|
0-0: Called Strike 0-1: DOUBLE (Flyball, 89D, EV 93.8 MPH) Leo Mair scores Eduardo Camacho to third
|
Batting: RHB Joel Haycock
|
0-0: Ball 1-0: Ball 2-0: Ball 3-0: Base on Balls
|
Batting: RHB Jason Andrews
|
0-0: Called Strike 0-1: Called Strike 0-2: SINGLE (Line Drive, 78S, EV 98.8 MPH) Eduardo Camacho scores Jon Munoz to third Joel Haycock to second Runner from 3rd tries for Home, SAFE, throw by LF to home
|
Batting: RHB Sterling Acosta
|
0-0: Called Strike 0-1: Ball 1-1: Ball 2-1: Ball 3-1: Base on Balls Joel Haycock to third Jason Andrews to second
|
Batting: LHB Robert Watson
|
0-0: Ball 1-0: Foul Ball, location: 2F 1-1: Ground out 4-3 (Groundball, 4S, EV 88.8 MPH)
|
Top of the 7th over - 3 runs, 3 hits, 0 errors, 3 left on base; Colorado 6 - San Francisco 4 |
BOTTOM OF THE 7TH |
San Francisco Giants batting - Pitching for Colorado Rockies : RHP Mike Chapman
|
Batting: RHB Sean Zielinski
|
0-0: Called Strike 0-1: Ball 1-1: Foul Ball, location: 2F 1-2: Ball 2-2: Ball 3-2: SOLO HOME RUN (Flyball, 89XD, EV 115.0 MPH), Distance : 443 ft
|
Pitching: LHP Eric Zielinski
|
|
Batting: LHB Jack Henningar
|
0-0: Foul Ball, location: 2F 0-1: SINGLE (Line Drive, 56, EV 104.4 MPH)
|
Pitching: RHP Victor Walshe
|
|
Batting: RHB Nate Hodson
|
0-0: Called Strike 0-1: Foul Ball, location: 2F 0-2: Ball 1-2: Strikes out swinging
|
Batting: LHB Carey Horncole
|
0-0: Called Strike 0-1: DOUBLE (Line Drive, 78M, EV 107.5 MPH) Jack Henningar to third
|
Batting: SHB Bill Dooms
|
0-0: Foul Ball, location: 2F 0-1: Called Strike 0-2: Strikes out swinging
|
Pinch Hitting: LHB John Blair
|
0-0: SINGLE (Groundball, 4M, EV 98.1 MPH) (infield hit) Jack Henningar scores Carey Horncole to third
|
Batting: LHB Tom Best
|
0-0: Foul Ball, location: 2F Pickoff Throw to First - Out! 1-3
|
Bottom of the 7th over - 2 runs, 4 hits, 0 errors, 1 left on base; Colorado 6 - San Francisco 6 |
TOP OF THE 8TH |
Colorado Rockies batting - Pitching for San Francisco Giants : RHP Tim Welshman
|
Now in LF: Tom Best
|
|
Now in RF: John Blair
|
|
Batting: LHB Greg Valenzuela
|
0-0: Ball 1-0: Swinging Strike 1-1: Foul Ball, location: 2F 1-2: Ball 2-2: Ball 3-2: SINGLE (Line Drive, 6M, EV 96.2 MPH)
|
Batting: RHB Leo Mair
|
0-0: Foul Ball, location: 2F 0-1: Called Strike 0-2: Ball 1-2: Foul Ball, location: 2F 1-2: Strikes out swinging
|
Batting: RHB Eduardo Camacho
|
0-0: Called Strike 0-1: Ball 1-1: Grounds into double play, 4-6-3 (Groundball, 34, EV 81.9 MPH)
|
Top of the 8th over - 0 runs, 1 hit, 0 errors, 0 left on base; Colorado 6 - San Francisco 6 |
BOTTOM OF THE 8TH |
San Francisco Giants batting - Pitching for Colorado Rockies : RHP Victor Walshe
|
Pitching: RHP Tony Campos
|
|
Batting: LHB Tom Best
|
0-0: Ball 1-0: Called Strike 1-1: Called Strike 1-2: SOLO HOME RUN (Flyball, 9LD, EV 90.0 MPH), Distance : 347 ft
|
Batting: RHB Nick Rigden
|
0-0: Called Strike 0-1: Ball 1-1: Fly out, F9 (Flyball, 9LS, EV 81.9 MPH)
|
Batting: SHB Ryan Doss
|
0-0: Fly out, F5 (Popup, 5SF, EV 82.5 MPH)
|
Batting: RHB Sean Zielinski
|
0-0: Ball 1-0: Foul Ball, location: 2F 1-1: Ball 2-1: Fly out, F8 (Flyball, 8LM, EV 93.8 MPH)
|
Bottom of the 8th over - 1 run, 1 hit, 0 errors, 0 left on base; Colorado 6 - San Francisco 7 |
TOP OF THE 9TH |
Colorado Rockies batting - Pitching for San Francisco Giants : RHP Tim Welshman
|
Pitching: RHP Andrew Kindig
|
|
Batting: SHB Eddie Quinones
|
0-0: Ball 1-0: Foul Ball, location: 2F 1-1: Ball 2-1: Swinging Strike 2-2: Ball 3-2: Base on Balls
|
Batting: SHB Jon Munoz
|
0-0: Sac Bunt to 3S - play at first, batter OUT! 3-1 Eddie Quinones to second
|
Batting: RHB Joel Haycock
|
0-0: Swinging Strike 0-1: Swinging Strike 0-2: Foul Ball, location: 2F 0-2: Strikes out looking
|
Batting: RHB Jason Andrews
|
0-0: Ball 1-0: Ground out 5-3 (Groundball, 56, EV 104.4 MPH)
|
Top of the 9th over - 0 runs, 0 hits, 0 errors, 1 left on base; Colorado 6 - San Francisco 7 |
|